 Dungeon Crawl Stone Soup version 0.16-a0-3122-gccf308e (webtiles) character file.

4471 Gorice the Spear-Bearer (level 9, -4/68 HPs)
             Began as a Demigod Wanderer on Dec 13, 2014.
             Killed from afar by an electric eel (14 damage)
             ... with a bolt of electricity
             ... on level 1 of the Lair of Beasts.
             The game lasted 01:20:34 (10989 turns).

Gorice the Spear-Bearer (Demigod Wanderer)         Turns: 10989, Time: 01:20:34

Health: -4/68      AC: 16    Str: 20    XL:     9   Next: 94%
Magic:  16/16      EV:  7    Int: 15    God:
Gold:   502        SH:  0    Dex: 17    Spells: 0 memorised, 8 levels left

rFire  + . .     SeeInvis +     a - +4 glaive "Hydraslayer" {chop, +Blink +Fly rF+ SInv}
rCold  . . .     Clarity  .     G - +0 plate armour
rNeg   . . .     SustAb   +     (no shield)
rPois  .         Gourm    .     r - +2 helmet
rElec  .         Spirit   .     (no cloak)
rCorr  .         Warding  .     (no gloves)
rMut   .         Stasis   .     (no boots)
MR     .....                    o - amulet of rage
Stlth  ..........               (no ring)
                                u - ring of flight

@: studying Long Blades, not resistant to hostile enchantments, extremely
unstealthy
A: sustain abilities
a: Evoke Blink, Evoke Berserk Rage, Evoke Flight


You were on level 1 of the Lair of Beasts.
You were not hungry.

You visited 3 branches of the dungeon, and saw 11 of its levels.

You collected 502 gold pieces.

Inventory:

Hand weapons
 a - the +4 glaive "Hydraslayer" (weapon) {chop, +Blink +Fly rF+ SInv}
   (You acquired it on level 8 of the Dungeon)

   It inflicts extra damage upon your enemies.
   It protects you from fire.
   It enhances your eyesight.
   It lets you fly.
   It lets you blink.
 b - a +0 hunting sling of velocity
 v - a +0 dagger of venom
 y - a +1 halberd
 A - a +0 trident
 B - a +0 blowgun
 D - a +0 longbow
 J - a +3 hunting sling
Missiles
 c - 12 tomahawks (quivered)
 h - 4 poisoned sling bullets
 t - 9 poisoned needles
 w - 55 bolts
 Z - 151 stones
Armour
 r - a +2 helmet (worn)
 s - a +2 robe of positive energy
 G - a +0 plate armour (worn)
Magical staves
 j - an uncursed staff of fire
Jewellery
 o - an amulet of rage (around neck)
 u - a ring of flight (left hand)
 I - an uncursed amulet of stasis
Magical devices
 E - a wand of flame (20)
Scrolls
 d - 3 scrolls of blinking
 e - a scroll of enchant weapon
 m - 2 scrolls of identify
 n - 4 scrolls of remove curse
 q - 2 scrolls of recharging
 C - a scroll of amnesia {unknown}
Potions
 k - a potion of restore abilities
 l - a potion of brilliance
 x - 3 potions of flight
Books
 g - a book of the Sky

   Spells                             Type                      Level
   a - Flight                         Charms/Air                   3
   b - Airstrike                      Air                          4
   c - Silence                        Hexes/Air                    5
   d - Deflect Missiles               Charms/Air                   6
   e - Conjure Ball Lightning         Conjuration/Air              6
   f - Tornado                        Air                          9
 z - a manual of Long Blades
Comestibles
 f - 6 bread rations
 i - 2 beef jerkies
 p - 7 fruits
 F - 10 royal jellies
 H - 2 meat rations


   Skills:
 - Level 2.6 Fighting
 * Level 11.2 Polearms
 + Level 7.4 Armour
 - Level 1.9 Dodging
 - Level 1.0 Stealth
   Level 1.0 Shields
 - Level 1.7 Unarmed Combat
 - Level 1.0 Evocations


You had 8 spell levels left.
You didn't know any spells.

Dungeon Overview and Level Annotations

Branches:
Dungeon (9/15)             Temple (1/1) D:5            Lair (1/8) D:9
    Orc: D:9-12

Annotations:
D:2 pUX: Yiuf's, 1 exclusion
D:7 pUX: killer bees!


Innate Abilities, Weirdness & Mutations

Your attributes are resistant to harm.


Message History

The electric eel shoots out a bolt of lightning at you!
The bolt of electricity hits the plant.
The bolt of electricity hits you!
Your plate armour prevents you from hitting the electric eel.
The electric eel shoots out a bolt of lightning at you!
The bolt of electricity hits you! x2
* * * LOW HITPOINT WARNING * * *
The bolt of electricity hits the electric eel.
The electric eel resists.
You closely miss the electric eel.
The electric eel is lightly wounded.
Evoke which item? (* to show all) (? for menu, Esc to quit)
Zapping:
E - a wand of flame {zapped: 6} (will waste charges)
Press: ? - help, Shift-Dir - straight line, f - electric eel
Aim: an electric eel (lightly wounded)
The puff of flame misses the electric eel.
Evoking this partially-identified wand wasted a few charges.
The electric eel is engulfed in a cloud of scalding steam.
The electric eel shoots out a bolt of lightning at you!
The bolt of electricity hits you!
You die...

..#### P...P.#
.≈≈PP.P## .≈≈≈≈≈...#
≈≈≈≈≈≈/..##
≈≈≈≈≈≈≈...#
P≈≈≈≈≈≈≈...#
...P≈≈≈≈§;@..#
#.....P≈≈≈≈P..#
#......P≈≈....#
##..........P#.#
#........P..##.#
#####...........#..#
..................##
.....##......######
..#...'....#


You could see an electric eel.

Vanquished Creatures
  Pikel (D:6)
  A hippogriff (D:9)
  Edmund (D:5)
  A slave (D:6)
  The ghost of braks the Skirmisher, an average DrTm of Makhleb (D:3)
  A phantom (D:3)
  A sky beast (D:9)
  5 orc warriors
  3 ogres
  A centaur (D:8)
  A crocodile (D:9)
  3 big kobolds
  2 giant frogs
  A wyvern skeleton (D:8)
  3 killer bees (D:7)
  6 jellies (D:9)
  8 wights
  4 electric eels (D:9)
  2 crimson imps (D:8)
  5 orc priests
  10 orc wizards
  6 hounds
  2 centaur skeletons
  3 iguanas
  10 worker ants
  2 hound zombies
  Terence (D:2)
  A river rat (D:9)
  5 gnolls
  13 adders
  2 shadow imps
  A giant mite (D:2)
  2 worms (D:2)
  2 giant geckos
  6 oozes
  33 orcs
  A ball python (D:5)
  12 bats
  A bat zombie (D:5)
  A giant cockroach (D:3)
  15 hobgoblins
  20 jackals
  5 quokkas
  A ball python skeleton (D:2)
  9 giant newts
  14 goblins
  17 kobolds
  26 rats
  A spectral orc (D:2)
273 creatures vanquished.

Vanquished Creatures (others)
  A slave (D:6)
  A black bear (D:6)
  A crimson imp (D:6)
  A rat (D:2)
4 creatures vanquished.

Grand Total: 277 creatures vanquished

Notes
Turn   | Place    | Note
--------------------------------------------------------------
     0 | D:1      | Gorice, the Demigod Wanderer, began the quest for the Orb.
     0 | D:1      | Gorice set off with: a +2 spear, a potion of lignification, a potion of curing, a +0 robe, a bread ration
     0 | D:1      | Reached XP level 1. HP: 18/18 MP: 2/2
   197 | D:1      | Reached skill level 1 in Dodging
   211 | D:1      | Reached XP level 2. HP: 16/25 MP: 3/3
   756 | D:1      | Reached XP level 3. HP: 30/30 MP: 5/5
   942 | D:2      | Reached skill level 3 in Polearms
  1125 | D:2      | Reached XP level 4. HP: 33/37 MP: 7/7
  1455 | D:2      | Reached skill level 1 in Armour
  1541 | D:2      | Noticed Terence
  1574 | D:2      | Killed Terence
  1574 | D:2      | Reached skill level 4 in Polearms
  1743 | D:2      | Reached XP level 5. HP: 40/42 MP: 8/8
  1997 | D:2      | Found a white marble altar of Elyvilon.
  2102 | D:2      | Found a basalt altar of Yredelemnul.
  2640 | D:3      | Noticed braks' ghost (average DrTm)
  2689 | D:3      | Killed braks' ghost
  2814 | D:3      | Noticed a phantom
  3142 | D:3      | Killed a phantom
  3142 | D:3      | Reached skill level 5 in Polearms
  3142 | D:3      | Reached XP level 6. HP: 27/50 MP: 11/11
  4120 | D:4      | Reached skill level 6 in Polearms
  4198 | D:4      | Reached XP level 7. HP: 17/56 MP: 13/13
  5360 | D:5      | Entered Level 5 of the Dungeon
  5500 | D:5      | Reached skill level 7 in Polearms
  5568 | D:5      | Found a glowing golden altar of the Shining One.
  5852 | D:5      | Noticed Edmund
  5909 | D:5      | Killed Edmund
  6003 | D:5      | Found a staircase to the Ecumenical Temple.
  6010 | Temple   | Entered the Ecumenical Temple
  6379 | D:5      | Reached XP level 8. HP: 53/62 MP: 14/14
  6832 | D:6      | Found a bloodstained altar of Trog.
  6833 | D:6      | Found a burning altar of Makhleb.
  6909 | D:6      | Reached skill level 8 in Polearms
  7044 | D:6      | Reached skill level 5 in Armour
  7194 | D:6      | Noticed Pikel
  7271 | D:6      | Killed Pikel
  7271 | D:6      | Reached skill level 9 in Polearms
  7711 | D:7      | Reached XP level 9. HP: 62/68 MP: 16/16
  8457 | D:8      | Reached skill level 10 in Polearms
  9081 | D:9      | HP: 2/68 [electric eel/bolt of electricity (11)]
  9676 | D:9      | HP: 2/68 [something/puff of flame (3)]
 10081 | D:8      | Identified a scroll of acquirement
 10082 | D:8      | Got a steaming glaive
 10083 | D:8      | Identified the +4 glaive "Hydraslayer" {chop, +Blink +Fly rF+ SInv} (You acquired it on level 8 of the Dungeon)
 10391 | D:9      | Found an ancient bone altar of Kikubaaqudgha.
 10391 | D:9      | Found a glowing silver altar of Zin.
 10407 | D:9      | Found a staircase to the Lair.
 10502 | D:9      | Reached skill level 11 in Polearms
 10945 | Lair:1   | Entered Level 1 of the Lair of Beasts
 10989 | Lair:1   | Killed from afar by an electric eel

Action                   |  1- 3 |  4- 6 |  7- 9 || total
-------------------------+-------+-------+-------++-------
Melee: Spear             |    86 |   258 |    14 ||   358
       Halberd           |       |    35 |   249 ||   284
       Trident           |       |       |   203 ||   203
       Glaive            |       |       |   111 ||   111
 Fire: Hunting sling     |    19 |    96 |    89 ||   204
       Blowgun           |       |       |    67 ||    67
Throw: Stone             |     4 |     4 |     6 ||    14
       Tomahawk          |       |       |     8 ||     8
 Abil: Evoke Berserk Rag |       |     1 |       ||     1
Evoke: Wand              |       |       |     4 ||     4
  Use: Potion            |     2 |     1 |     3 ||     6
       Scroll            |       |     9 |    10 ||    19
 Stab: Distracted        |       |       |     1 ||     1
  Eat: Chunk             |     1 |    10 |    19 ||    30
       Pizza             |       |       |     1 ||     1
       Beef jerky        |       |       |     1 ||     1
